cohdb
Replays
Latest Replays
All Replays
Popular Replays
Top Player Replays
Match Explorer
How It Works
Community
CoH3 Stats
Reddit
Sign in to upload your games and track your stats! →
Sign in with Steam
Match 46960869
Unlisted
Match 46960869
Overview
Messages
Build Orders
End
Construct Barracks
Scout Squad
Riflemen Squad
Riflemen Squad
Grenade Package
Mechanized Support Center
Riflemen Squad
Construct Motor Pool
M3 75 mm Gun Motor Carriage
M3 75 mm Gun Motor Carriage
Construct Medical Station
Construct Tank Depot
M1918 Browning Automatic Rifles
Riflemen Squad
M4A1 Sherman Medium Tank
Engineer Squad
M4A1 76mm Conversion
Selects Heavy Weapons
Selects Assault Carriers
Selects Exchangeable Parts
Selects M2HB .50cal Heavy Machine Gun
Selects Gallant Stand
Selects Black Dragon Artillery Barrage
Black Dragon Artillery Barrage
M4A1(76) Sherman Medium Tank
Sad Pepe
gio_misro
Сапожник
ПОРТНОЙ
0
0
Comments
sign in to comment!
No comments posted yet!